 Dungeon Crawl Stone Soup version 0.29.1-4-g47bece8355 (webtiles) character file.

Game seed: 5191925180996927289

361 KittyFluff the Trooper (level 6, -9/60 HPs)
             Began as a Gargoyle Berserker on Dec 2, 2022.
             Was a Believer of Trog.
             Killed by divine providence
             ... invoked by an orc priest
              (12 damage)
             ... on level 4 of the Dungeon.
             The game lasted 00:12:29 (2097 turns).

KittyFluff the Trooper (Gargoyle Berserker)         Turns: 2097, Time: 00:12:30

Health: -9/60      AC:  7    Str: 20    XL:     6   Next: 66%
Magic:  6/6        EV: 12    Int:  8    God:    Trog [**....]
Gold:   156        SH:  0    Dex: 11    Spells: 5/5 levels left

rFire   . . .      SeeInvis .   a - +0 mace
rCold   . . .      Faith    .   (no shield)
rNeg    + . .      Spirit   .   m - +0 leather armour
rPois   ∞          Reflect  .   (no helmet)
rElec   +          Harm     .   (no cloak)
rCorr   .          Rampage  .   (no gloves)
Will    .....                   (no boots)
Stlth   ..........              (no amulet)
HPRegen 0.20/turn               (no ring)
MPRegen 0.10/turn               (no ring)

@: berserking, about to teleport, studying Fighting, very quick
A: sickness immunity, AC +4, negative energy resistance 1, electricity
resistance, torment resistance 1, petrification resistance
a: Renounce Religion, Berserk, Trog's Hand


You were on level 4 of the Dungeon.
You worshipped Trog.
Trog was pleased with you.
You visited 1 branch of the dungeon, and saw 4 of its levels.

You collected 156 gold pieces.

Inventory:

Hand Weapons
 a - a +0 mace (weapon)
Missiles
 d - 5 stones (quivered)
Armour
 k - a +0 kite shield
 m - a +0 leather armour (worn)
Scrolls
 b - 3 scrolls of brand weapon {unknown}
 c - 2 scrolls of magic mapping
 f - 2 scrolls of fog {unknown}
 g - a scroll of teleportation
 h - 2 scrolls of enchant weapon {unknown}
 i - 2 scrolls of identify
 j - a scroll of torment {unknown}
Potions
 e - 3 potions of curing
 l - 2 potions of heal wounds


   Skills:
 + Level 5.0 Fighting
 + Level 5.0 Maces & Flails
 + Level 0.8 Throwing
 + Level 3.1 Armour
 + Level 2.5 Dodging
 + Level 0.7 Stealth
 * Level 1.9 Shields


You had 5 spell levels left.
You didn't know any spells.
Your spell library was empty.

Dungeon Overview and Level Annotations

Branches:
Dungeon (4/15)
 Temple: D:4-7

Altars:
Fedhas
Makhleb
Uskayaw

Shops:
D:2 (   D:3 =


Innate Abilities, Weirdness & Mutations

You are immune to sickness and miasma.
Your stone body is resilient. (AC +4)
You are immune to poison.
You resist negative energy. (rN+)
You are resistant to electric shocks. (rElec)
You are resistant to unholy torment.
You are immune to petrification.


Message History

The orc priest shouts!
The orc closely misses you.
You barely miss the orc. The orc hits you with a +0 club.
You hit the orc.
The orc is severely wounded.
The orc closely misses you.
You barely miss the orc wizard. The orc wizard misses you.
You hit the orc wizard.
The orc wizard is moderately wounded.
The orc wizard hits you but does no damage.
You hit the orc wizard.
The orc wizard is severely wounded.
The orc wizard misses you.
You barely miss the orc wizard.
The orc wizard is severely wounded.
The orc wizard hits you with a +0 dagger.
You barely miss the orc wizard.
The orc wizard is severely wounded.
The orc wizard closely misses you.
You hit the orc wizard.
The orc wizard is almost dead.
The orc wizard casts a spell at you. You resist with some effort.
You hit the orc wizard.
You kill the orc wizard!
Trog accepts your kill.
Trog appreciates your killing of a magic user.
The orc misses you.
The orc priest mumbles some strange prayers to Beogh against you.
Beogh smites you!
* * * LOW HITPOINT WARNING * * *
Your Fighting skill increases to level 5!
Your Maces & Flails skill increases to level 5!
As you read the scroll of teleportation, it crumbles to dust.
You feel strangely unstable. The orc hits you but does no damage.
A red film seems to cover your vision as you go berserk!
You feel yourself moving faster!
You feel mighty!
The orc priest mumbles some strange prayers to Beogh against you.
Beogh smites you!
You die...

#.......#.#
#####.#...#.#..
....#.#........
.............
#.....o.#.. #...#
#..o#..[... #...# #
#.#.......# #$..#.#
#....o.####.#
#...#.#######ooo@...#
#.......#
###.#####.....
........# #......#
#.# #.......#
#.#.##.# #..b....#
#.#...... ........#
#.####.##.#
#.......###.####.# ..
#................# ##
##.#######.#######


You could see an orc priest and 3 orcs.

Vanquished Creatures
  2 black bears
  A hound (D:4)
  An orc wizard (D:4)
  A gnoll (D:1)
  5 adders
  5 dart slugs
  6 ball pythons
  3 endoplasms
  3 giant cockroaches
  5 hobgoblins
  7 jackals
  3 quokkas
  2 bats (D:1)
  3 frilled lizards
  8 goblins
  3 kobolds
  6 rats
64 creatures vanquished.

Vanquished Creatures (others)
  A plant (D:4)
1 creature vanquished.

Grand Total: 65 creatures vanquished

Notes
Turn   | Place    | Note
-------+----------+-------------------------------------------
     0 | D:1      | KittyFluff the Gargoyle Berserker began the quest for the
                  | Orb.
     0 | D:1      | Reached XP level 1. HP: 14/14 MP: 1/1
   102 | D:1      | Reached XP level 2. HP: 15/19 MP: 2/2
   257 | D:1      | Reached XP level 3. HP: 16/24 MP: 3/3
   594 | D:2      | Reached ** piety under Trog
   696 | D:2      | Reached XP level 4. HP: 18/29 MP: 4/4
  1030 | D:2      | Found a blossoming altar of Fedhas.
  1237 | D:2      | Found Qucum's Weapon Boutique.
  1467 | D:3      | Found a burning altar of Makhleb.
  1495 | D:3      | Found a hide-covered altar of Uskayaw.
  1540 | D:3      | Found Dezxiol's Jewellery Emporium.
  1554 | D:3      | Found a faded altar of an unknown god.
  1667 | D:3      | Reached XP level 5. HP: 33/34 MP: 5/5
  1733 | D:3      | Noticed a black bear
  1746 | D:3      | Killed a black bear
  1747 | D:3      | Reached skill level 1 in Shields
  1934 | D:4      | Noticed a black bear
  1941 | D:4      | Killed a black bear
  1942 | D:4      | Reached XP level 6. HP: 40/40 MP: 6/6
  2095 | D:4      | HP: 1/40 [orc priest/divine providence (14)]
  2096 | D:4      | Reached skill level 5 in Fighting
  2096 | D:4      | Reached skill level 5 in Maces & Flails
  2097 | D:4      | Killed from afar by an orc priest

Illustrated notes

Levels and vault maps discovered:
D:1:      minmay_arrival_four_houses, layout_basic, minmay_surrounded
D:2:      layout_loops_ring, basic_altar, serial_shops, shop,
          kennysheep_generic_room_13
D:3:      layout_rooms, mainiacjoe_overflow_swirl, serial_shops,
          nicolae_diamond_shop, shapermc_ecumenical_altar_totnotflames
D:4:      layout_loops_cross, xom_butterflies, chequers_arboretum,
          guppyfry_early_lair_pool

Skill      XL: |  1  2  3  4  5  6 |
---------------+-------------------+-----
Fighting       | 4 5 |  5.0
Armour         | 3 |  3.1
Dodging        | 2 |  2.5
Maces & Flails | 4 5 |  5.0
Shields        | 1 |  1.9
Throwing       | |  0.8
Stealth        | |  0.7

Action                   |  1- 3 |  4- 6 || total
-------------------------+-------+-------++-------
Melee: Mace              |    77 |   117 ||   194
       Punch             |       |     1 ||     1
Throw: Stone             |     3 |    19 ||    22
Invok: Berserk           |       |     3 ||     3
  Use: Scroll            |     1 |     4 ||     5
Armor: Animal skin       |    22 |    26 ||    48
       Leather armour    |       |     9 ||     9
Dodge: Dodged            |    55 |    89 ||   144
